 Dungeon Crawl Stone Soup version 0.17.2-1-ge4368a0 (webtiles) character file.

210 Goblin1989 the Chopper (level 6, 0/47 HPs)
             Began as a Formicid Fighter on Oct 4, 2016.
             Succumbed to poison (a potion of poison)
             ... on level 4 of the Dungeon.
             The game lasted 00:09:50 (1226 turns).

Goblin1989 the Chopper (Formicid Fighter)           Turns: 1226, Time: 00:09:51

Health: 0/47       AC: 10    Str: 22    XL:     6   Next: 12%
Magic:  6/6        EV:  8    Int:  8    God:
Gold:   166        SH:  9    Dex: 10    Spells: 0 memorised, 5 levels left

rFire  . . .     SeeInvis +     a - +0 war axe
rCold  . . .     Clarity  .     b - +0 scale mail
rNeg   . . .     SustAt   .     c - +0 shield
rPois  .         Gourm    .     (helmet unavailable)
rElec  .         Spirit   .     h - +0 cloak
rCorr  .         Warding  .     r - +1 pair of gloves
rMut   .         Stasis   +     (no boots)
MR     .....                    (no amulet)
Stlth  ..........               (no ring)
                                (no ring)

@: lethally poisoned (0 -> -8), not resistant to hostile enchantments, extremely
unstealthy
A: permanent stasis, dig shafts and tunnels, four strong arms, antennae 3
a: Dig, Shaft Self


You were on level 4 of the Dungeon.
You were hungry.

You visited 1 branch of the dungeon, and saw 4 of its levels.

You collected 166 gold pieces.

Inventory:

Hand Weapons
 a - a +0 war axe (weapon)
Armour
 b - a +0 scale mail (worn)
 c - a +0 shield (worn)
 h - a +0 cloak (worn)
 r - a +1 pair of gloves (worn)
Scrolls
 d - a scroll of recharging {unknown}
 g - 3 scrolls of identify {unknown}
 i - a scroll of magic mapping {unknown}
 l - a scroll of remove curse {unknown}
 o - a scroll of amnesia {unknown}
Comestibles
 e - a bread ration
 n - 2 chunks of flesh
 q - a meat ration


   Skills:
 - Level 3.2 Fighting
 + Level 5.9 Axes
 - Level 3.2 Armour
 - Level 3.6 Shields


You had 5 spell levels left.
You didn't know any spells.

Dungeon Overview and Level Annotations

Branches:
Dungeon (4/15)
 Temple: D:4-7

Altars:
Gozag
Nemelex Xobeh

Annotations:
D:4 Natasha


Innate Abilities, Weirdness & Mutations

You are under a permanent stasis effect.
You can dig through walls and to a lower floor.
Your four strong arms can wield two-handed weapons with a shield.
You have a pair of large antennae on your head (SInv).


Message History

You hit Natasha.
Natasha is lightly wounded.
* * * LOW HITPOINT WARNING * * *
You feel sick. You block Natasha's attack.
You take 1 damage, and have 3/47 hp.
You closely miss Natasha.
Natasha is lightly wounded.
* * * LOW HITPOINT WARNING * * *
You feel sick. Natasha claws you but does no damage.
You closely miss Natasha.
Natasha is lightly wounded.
* * * LOW HITPOINT WARNING * * *
You feel sick. Natasha casts a spell at you. You resist with some effort.
Natasha claws you.
* * * LOW HITPOINT WARNING * * *
You take 2 damage, and have 1/47 hp.
You miss Natasha.
Natasha is lightly wounded.
You die...

.ਜ.ਜ ਜਜਜਜ▲ਜ....ਜ .
..........ਜ . ..........ਜ
.ਜ .....?..ਜ.ਜ▲ਜਜ.ਜ
........ਜ......ਜਜਜ ..ਜ
........ਜ......... .. .(ਜ
ਜ..ਜਜ....hਜ.....ਜਜਜਜ ..
... ਜ..ਜਜ..[.@..........
.ਜਜਜ.ਜ
ਜ..ਜਜਜਜਜਜ.ਜ.ਜਜਜਜਜਜਜਜ
...ਜ.ਜ ਜ..ਜ ਜ.†ਜਜ.ਜ ...ਜ.ਜ
ਜ..ਜਜਜਜਜਜਜਜ.ਜ ...ਜ.ਜ
ਜ........ਜਜ.ਜ
...ਜ.ਜਜਜ.ਜਜਜਜਜਜ.ਜਜ.ਜਜਜਜਜਜ
..........................
.ਜਜਜ.ਜ.ਜ.ਜਜਜਜਜਜ.ਜਜ.ਜਜ.....
.ਜਜਜ.ਜ.ਜ.ਜ ਜ.ਜਜ.ਜ


ਜਜਜਜਜਜ You could see Natasha.

Vanquished Creatures
  2 orc wizards (D:3)
  A worker ant (D:4)
  Robin (D:2)
  4 adders
  2 worms (D:2)
  8 orcs (D:3)
  2 giant cockroaches
  13 goblins
  7 hobgoblins
  8 jackals
  4 kobolds
  5 bats
  A quokka (D:3)
  5 rats
63 creatures vanquished.

Notes
Turn   | Place    | Note
--------------------------------------------------------------
     0 | D:1      | Goblin1989 the Formicid Fighter began the quest for the Orb.
     0 | D:1      | Reached XP level 1. HP: 18/18 MP: 1/1
    88 | D:2      | Found a sparkling altar of Nemelex Xobeh.
   148 | D:1      | Reached XP level 2. HP: 18/24 MP: 2/2
   299 | D:2      | Reached XP level 3. HP: 22/29 MP: 3/3
   315 | D:2      | Found an opulent altar of Gozag.
   446 | D:2      | Noticed Robin
   456 | D:2      | Reached XP level 4. HP: 35/35 MP: 4/4
   458 | D:2      | Reached skill level 4 in Axes
   480 | D:2      | Killed Robin
   798 | D:3      | Reached XP level 5. HP: 31/41 MP: 5/5
   801 | D:3      | Reached skill level 5 in Axes
  1190 | D:4      | Noticed Natasha
  1214 | D:4      | Reached XP level 6. HP: 17/47 MP: 6/6
  1225 | D:4      | HP: 2/47 [poison (a potion of poison)]
  1226 | D:4      | Succumbed to poison (a potion of poison)

Action                   |  1- 3 |  4- 6 || total
-------------------------+-------+-------++-------
Melee: War axe           |    68 |   195 ||   263
 Abil: Dig               |     2 |     6 ||     8
  Use: Potion            |     2 |     5 ||     7
  Eat: Chunk             |       |     3 ||     3

Vault maps used:
D:1:      dpeg_arrival_concentric_ovals
D:2:      nemelex_deck, first_bread, grunt_gozag_breadcrumbs, uniq_jessica,
          uniq_robin
D:4:      minmay_item_behind_shaft, uniq_natasha
